 Dungeon Crawl Stone Soup version 0.30-a0-760-g5a9884bb7c (webtiles) character file.

Game seed: 11005104358757965354

2811 Leeroy the Carver (level 9, -3/52 HPs)
             Began as a Vine Stalker Warper on Feb 11, 2023.
             Was a Follower of Wu Jian.
             Slain by a gnoll bouda
             ... wielding a +0 whip
              (8 damage)
             ... on level 7 of the Dungeon.
             The game lasted 00:18:33 (5845 turns).

Leeroy the Carver (Vine Stalker Warper)             Turns: 5845, Time: 00:18:33

Health: -3/52      AC:  5    Str: 14    XL:     9   Next: 72%
Magic:  0/13       EV: 11    Int: 16    God:    Wu Jian [*.....]
Gold:   428        SH:  0    Dex: 24    Spells: 0/12 levels left

rFire   . . .      SeeInvis .    w - +1 dagger (speed)
rCold   . . .      Faith    .    (no shield)
rNeg    . . .      Spirit   +    O - +1 ring mail "Ceodd" {rElec Int+3}
rPois   .          Reflect  .    n - +0 helmet
rElec   +          Harm     .    k - +0 cloak
rCorr   .          Rampage  .    (no gloves)
Will    +....                    I - +0 pair of boots
Stlth   +                        g - amulet of regeneration
HPRegen 1.88/turn                p - +6 ring of dexterity
MPRegen 0.13/turn                (no ring)

@: weakened, corroded
A: fangs 3, regeneration 1, magic shield, antimagic bite, no potion heal 2
a: Renounce Religion


You were on level 7 of the Dungeon.
You worshipped Wu Jian.
Wu Jian was aware of your devotion.
You visited 2 branches of the dungeon, and saw 9 of its levels.

You collected 428 gold pieces.

Inventory:

Hand Weapons
 a - a +0 falchion
 t - a +0 rapier
 w - a +1 dagger of speed (weapon)
 C - a +0 long sword
Missiles
 d - 7 boomerangs of dispersal
 y - a throwing net
 A - 6 javelins
 J - 6 boomerangs
Armour
 b - a +0 leather armour
 k - a +0 cloak (worn)
 n - a +0 helmet (worn)
 u - a +0 plate armour
 D - the +0 robe of Pienim {-Tele rF++ Stlth+}
   (You found it on level 5 of the Dungeon)

   rF:        It greatly protects you from fire.
   -Tele:     It prevents most forms of teleportation.
   Stlth:     It makes you more stealthy.
 I - a +0 pair of boots (worn)
 O - the +1 ring mail "Ceodd" (worn) {rElec Int+3}
   (You found it on level 7 of the Dungeon)

   Int:       It affects your intelligence (+3).
   rElec:     It insulates you from electricity.
 S - a +0 robe of fire resistance
Jewellery
 g - an amulet of regeneration (around neck)
 p - a +6 ring of dexterity (left hand)
Wands
 r - a wand of flame (4) (quivered)
 z - a wand of mindburst (13)
 E - a wand of iceblast (8)
 L - a wand of polymorph (13)
Scrolls
 e - 2 scrolls of torment {unknown}
 f - 15 scrolls of identify {unknown}
 i - a scroll of fog {unknown}
 j - 10 scrolls of teleportation {unknown}
 l - a scroll of noise {unknown}
 x - 2 scrolls of poison {unknown}
 B - 2 scrolls of butterflies {unknown}
 H - 2 scrolls of immolation {unknown}
 P - a scroll of brand weapon {unknown}
 Q - a scroll of vulnerability {unknown}
 R - a scroll of fear {unknown}
Potions
 h - 2 potions of haste {unknown}
 m - 2 potions of mutation {unknown}
 o - 6 potions of curing {unknown}
 q - a potion of ambrosia {unknown}
 s - 2 potions of magic {unknown}
 v - a potion of invisibility {unknown}
 F - a potion of flight {unknown}
 G - a potion of attraction {unknown}
 K - a potion of brilliance {unknown}
 M - a potion of resistance {unknown}
 N - a potion of cancellation {unknown}


   Skills:
 - Level 8.3 Fighting
 + Level 8.4 Long Blades
 - Level 0.8 Throwing
 - Level 2.1 Armour
 - Level 2.1 Dodging
 - Level 2.4 Spellcasting
 - Level 3.0 Translocations


You couldn't memorise any spells.
You knew the following spells:

 Your Spells              Type           Power      Damage    Failure   Level
a - Blink                 Tloc           22%        N/A       17%         2
b - Kindle Blastsparks    Fire/Tloc/Air  10%        2d10      61%         3
c - Vhi's Electric Charg  Tloc/Air       12%        N/A       54%         3
d - Passage of Golubria   Tloc           11%        N/A       75%         4

Your spell library contained the following spells:

 Spells                   Type           Power      Damage    Failure   Level
 Lesser Beckoning         Tloc           22%        N/A       17%         2
 Teleport Other           Tloc           11%        N/A       34%         3
 Magic Dart               Conj           4%         1d3       36%         1
 Call Imp                 Summ           1%         N/A       52%         2
 Cigotuvi's Dreadful Rot  Necr/Pois/Air  2%         N/A       52%         2
 Dazzling Flash           Conj/Hex       2%         N/A       75%         3
 Ignite Poison            Fire/Tmut/Pois 1%         N/A       75%         3
 Mephitic Cloud           Conj/Pois/Air  1%         N/A       75%         3
 Tukima's Dance           Hex            1%         N/A       75%         3
 Manifold Assault         Tloc           11%        N/A       75%         4
 Iskenderun's Mystic Bla  Conj/Tloc      6%         2d4       91%         4
 Dispel Undead            Necr           1%         3d6       98%         4
 Freezing Cloud           Conj/Ice/Air   0%         6-21      100%        5
 Yara's Violent Unravell  Hex/Tmut       0%         3d3       100%        5
 Death Channel            Necr           0%         N/A       100%        6
 Starburst                Conj/Fire      0%         6d3       100%        6


Dungeon Overview and Level Annotations

Branches:
Dungeon (8/15)             Temple (1/1) D:5
   Lair: D:8-11

Altars:
Ashenzari
Cheibriados
Dithmenos
Elyvilon
Fedhas
Gozag
Hepliaklqana
Makhleb
Nemelex Xobeh
Okawaru
Qazlal
Ru
Trog
Uskayaw
Wu Jian
Xom
Yredelemnul
Zin
The Shining One
Lugonu


Innate Abilities, Weirdness & Mutations

You have razor-sharp teeth.
Your natural rate of healing is unusually fast.
When hurt, damage is shared between your health and your magic reserves.
Your bite disrupts and absorbs the magic of your enemies.
Potions cannot restore your health.


Message History

You hit the kobold brigand but do no damage.
Your bite misses the kobold brigand.
The kobold brigand is heavily wounded.
You hit the kobold brigand but do no damage.
You bite the kobold brigand, but do no damage.
The kobold brigand is heavily wounded.
You feel sick.
You are no longer poisoned.
The wyvern bites you.
* * * LOW HITPOINT WARNING * * *
The kobold brigand hits you with a +0 short sword.
* * * LOW HITPOINT WARNING * * *
The kobold hits you but does no damage. The kobold hits you with a +0 dagger.
* * * LOW HITPOINT WARNING * * *
You hit the kobold.
The kobold is moderately wounded.
The wyvern bites you.
* * * LOW HITPOINT WARNING * * *
Blink to where?
Press: ? - help, Dir - move target
As you read the scroll of blinking, it crumbles to dust.
The kobold closely misses you. The gnoll hits you with a +0 flail!
* * * LOW HITPOINT WARNING * * *
Okay, then.
You hit the gnoll but do no damage. You bite the gnoll, but do no damage.
The kobold hits you but does no damage. The gnoll hits you with a +0 flail.
* * * LOW HITPOINT WARNING * * *
You climb upwards.
There is a stone staircase leading down here.
Casting: Blink (safe; 17% risk of failure)
Confirm with . or Enter, or press ? or * to list all spells.
Okay, then.
Okay, then.
You completely miss the kobold. You bite the kobold.
You kill the kobold!
The Council accepts your kill.
The gnoll bouda gazes fiercely through you!
You feel your attacks grow feeble.
The gnoll bouda hits you with a +0 whip!
You die...

.# #......########### .#
#......#.........# .#
#......#.#######.# .#
#......#.# #.#
########......#'#######.#
......###........##.....#
.####.# #........##.#####
.####.# #......)g'..#
...##.# ####....@####
'#.##.# #...g.#
......#########'##
...##...........#
...##.###########
...##.#........<#
......#.#..####.#
###...#......##.#
#...###...###.#


You could see a gnoll bouda and a gnoll (swift).

Vanquished Creatures
  2 wyverns
  Eustachio (D:5)
  3 water moccasins (D:6)
  A black bear (D:7)
  2 ogres
  An ice beast (D:8)
  2 centaurs
  Blork the orc (D:6)
  2 bullfrogs (D:7)
  2 gnoll sergeants
  3 scorpions
  6 killer bees (D:7)
  A howler monkey (D:7)
  4 hounds
  2 jellies
  A gnoll bouda (D:8)
  Ijyb (D:5)
  An iguana (D:7)
  4 orc wizards
  Natasha (thrice) (D:2)
  10 gnolls
  10 adders
  A shadow imp (D:7)
  4 white imps
  3 ufetubi
  2 worms
  4 dart slugs
  20 orcs
  11 ball pythons
  A bat (D:2)
  5 endoplasms
  3 giant cockroaches
  8 goblins
  5 hobgoblins
  9 jackals
  3 quokkas
  2 frilled lizards
  8 kobolds
  8 rats
160 creatures vanquished.

Vanquished Creatures (others)
  A kobold (D:8)
1 creature vanquished.

Grand Total: 161 creatures vanquished

Notes
Turn   | Place    | Note
-------+----------+-------------------------------------------
     0 | D:1      | Leeroy the Vine Stalker Warper began the quest for the Orb.
     0 | D:1      | Reached XP level 1. HP: 11/11 MP: 4/4
    57 | D:1      | Reached XP level 2. HP: 11/15 MP: 6/6
   268 | D:1      | Reached XP level 3. HP: 13/18 MP: 4/7
   955 | D:2      | Noticed Natasha
   971 | D:2      | Killed Natasha
   972 | D:2      | Gained mutation: Your natural rate of healing is unusually
                  | fast. [Vine Stalker growth]
   972 | D:2      | Reached XP level 4. HP: 4/23 MP: 2/8
  1026 | D:2      | Found a faded altar of an unknown god.
  1079 | D:2      | Learned a level 2 spell: Blink
  1083 | D:2      | Learned a level 3 spell: Kindle Blastsparks
  1190 | D:2      | Noticed Natasha
  1196 | D:2      | Killed Natasha
  1335 | D:2      | Noticed Natasha
  1353 | D:2      | Killed Natasha
  1354 | D:2      | Reached XP level 5. HP: 22/26 MP: 5/9
  1791 | D:3      | Found a broken altar of Ashenzari.
  2257 | D:4      | Reached skill level 1 in Armour
  2414 | D:4      | Reached skill level 5 in Long Blades
  2414 | D:4      | Reached XP level 6. HP: 28/30 MP: 7/10
  2641 | D:4      | Found a blossoming altar of Fedhas.
  2641 | D:4      | Found a basalt altar of Yredelemnul.
  2641 | D:4      | Found an opulent altar of Gozag.
  2641 | D:4      | Found a white marble altar of Elyvilon.
  2642 | D:4      | Found a shimmering altar of Xom.
  2642 | D:4      | Found a stormy altar of Qazlal.
  2645 | D:4      | Found a sacrificial altar of Ru.
  2645 | D:4      | Found a sparkling altar of Nemelex Xobeh.
  2645 | D:4      | Found a bloodstained altar of Trog.
  2647 | D:4      | Found a hide-covered altar of Uskayaw.
  2647 | D:4      | Found a glowing silver altar of Zin.
  2647 | D:4      | Found an iron altar of Okawaru.
  2998 | D:5      | Entered Level 5 of the Dungeon
  3050 | D:5      | Reached XP level 7. HP: 26/34 MP: 11/11
  3055 | D:5      | Found a staircase to the Ecumenical Temple.
  3095 | Temple   | Entered the Ecumenical Temple
  3131 | Temple   | Became a worshipper of the Wu Jian Council
  3156 | D:5      | Noticed Ijyb
  3179 | D:5      | Killed Ijyb
  3207 | D:5      | Identified the +0 robe of Pienim {-Tele rF++ Stlth+}
  3265 | D:5      | Noticed Eustachio
  3285 | D:5      | Killed Eustachio
  3448 | D:5      | Gained mutation: You have razor-sharp teeth. [Vine Stalker
                  | growth]
  3448 | D:5      | Reached XP level 8. HP: 36/39 MP: 8/12
  3883 | D:6      | Noticed Blork the orc
  3900 | D:6      | Killed Blork the orc
  4003 | D:6      | Reached skill level 5 in Fighting
  4094 | D:6      | Reached * piety under Wu Jian
  4580 | D:7      | Reached XP level 9. HP: 23/49 MP: 11/13
  4622 | D:7      | Learned a level 3 spell: Vhi's Electric Charge
  4627 | D:7      | Learned a level 4 spell: Passage of Golubria
  4948 | D:7      | Identified the +1 ring mail "Ceodd" {rElec Int+3}
  5841 | D:8      | HP: 1/52 [gnoll/+0 flail[a gnoll bouda] (9)]
  5845 | D:7      | Slain by a gnoll bouda

Illustrated notes

Levels and vault maps discovered:
D:1:      dpeg_arrival_houses_and_road, layout_basic
D:2:      layout_basic, hellmonk_ecumenical_altar_slurped_away, uniq_natasha
D:3:      layout_basic, ashenzari_altar_1
D:4:      layout_loops_cross, nicolae_overflows_in_rows
D:5:      layout_gridville, minmay_temple_entry_tees, minmay_misc_feat_square,
          minmay_misc_feat_roman, uniq_eustachio, uniq_ijyb
D:6:      layout_cave_pools, uniq_blork_the_orc
D:7:      layout_basic
D:8:      layout_rooms, minivault_10, dreamdust_gnoll_shepherd
Temple:   corrupted_temple

Skill      XL: |  1  2  3  4  5  6  7  8  9 |
---------------+----------------------------+-----
Long Blades    | 2 3 4 5 6 7 8 |  8.4
Dodging        | 2 |  2.1
Armour         | 1 2 |  2.1
Fighting       | 2 6 8 |  8.3
Throwing       | |  0.8
Spellcasting   | |  2.4
Translocations | |  3.0

Action                     |  1- 3 |  4- 6 |  7- 9 || total
---------------------------+-------+-------+-------++-------
  Melee: Falchion          |    82 |   162 |       ||   244
         Bite              |    21 |    53 |   182 ||   256
         Punch             |     1 |     4 |     5 ||    10
         Dagger            |       |    55 |   474 ||   529
Ability: Lunge             |       |       |    17 ||    17
  Evoke: Wand              |       |       |     2 ||     2
    Use: Scroll            |       |       |     1 ||     1
   Stab: Distracted        |       |       |     1 ||     1
 Armour: Leather armour    |    35 |    30 |       ||    65
         Plate armour      |       |    94 |   126 ||   220
         Ring mail         |       |       |    24 ||    24
  Dodge: Dodged            |    65 |   105 |    77 ||   247

Table legend: (Time is in decaauts)
 A = Elapsed time spent in this place.
 B = Non-inter-level travel time spent in this place.
 C = Inter-level travel time spent in this place.
 D = Time resting spent in this place.
 E = Time spent auto-exploring this place.
 F = Levels seen in this place.
 G = Mean time per level.
                   A        B        C        D        E       F      G
               +--------+--------+--------+--------+--------+-----+--------+
         Total |   5626 |   5409 |    217 |    142 |   4087 |   9 |  625.1 |
       Dungeon |   5575 |   5371 |    204 |    142 |   4064 |   8 |  696.9 |
        Temple |     50 |     37 |     13 |      0 |     23 |   1 |   50.0 |
               +--------+--------+--------+--------+--------+-----+--------+

Top non-repeatable levels by time:
     D:7: 986 daAuts
     D:3: 793 daAuts
     D:1: 779 daAuts
     D:4: 759 daAuts
     D:5: 725 daAuts
     D:2: 709 daAuts
     D:6: 550 daAuts
     D:8: 270 daAuts
  Temple: 50 daAuts
